 Dungeon Crawl Stone Soup version 0.28-a0-984-g3775c662fe (webtiles) character file.

Game seed: 1331133617558765489

1249583 freelancePsychic the Shapeless Octopus (level 27, -4/201 HPs)
             Began as an Octopode Earth Elementalist on Dec 3, 2021.
             Was the Champion of Vehumet.
             Slain by a bennu (17 damage)
             ... on level 2 of the Tomb of the Ancients.
             The game lasted 03:58:28 (97762 turns).

freelancePsychic the Shapeless Octopus (OpEE)      Turns: 97762, Time: 03:58:28

Health: -4/201     AC: 11    Str: 29 (30) XL:     27
Magic:  41/44      EV: 22    Int: 32      God:    Vehumet [******]
Gold:   6235       SH:  0    Dex: 15      Spells: 26/71 levels left

rFire   + + .      SeeInvis .   a - staff of air
rCold   + + .      Faith    .   (no shield)
rNeg    + . .      Spirit   .   N - +2 hat {Int+3}
rPois   .          Reflect  .   U - amulet of the Air {Inacc Air Fly rElec RMsl}
rElec   +          Harm     .   d - ring "Orreovua" {Wiz rF++}
rCorr   +          Rampage  .   j - ring "Yntist" {rF- Will+ rCorr Dex+3 Slay+6}
Will    ++++.      Clarity  +   T - ring of Teuh {Fire Str+7}
Stlth   ++++......              P - ring "Xoiticun" {rC+ AC+4}
HPRegen 0.43/turn               w - ring "Udei" {+Blink rN+ AC+4 Str+7}
MPRegen 0.29/turn               Q - ring "Rociunk" {rC++ Will+ Str+2}
                                Z - +4 ring of slaying
                                J - ring "Daoclei" {Drain EV+4 Str+6 Slay+3}

@: brilliant, flying, studying 2 skills, repel missiles
A: almost no armour, amphibious, 8 rings, camouflage 1, gelatinous body 1,
(nimble swimmer 1), tentacles, clarity, clumsy 1, low mp 1
}: 14/15 runes: serpentine, barnacled, slimy, silver, iron, obsidian, icy, bone,
abyssal, demonic, glowing, magical, fiery, dark
a: Renounce Religion, Evoke Blink


You were on level 2 of the Tomb of the Ancients.
You worshipped Vehumet.
Vehumet was exalted by your worship.
You visited 18 branches of the dungeon, and saw 83 of its levels.
You visited Pandemonium 1 time, and saw 13 of its levels.
You visited the Abyss 4 times.
You visited 1 ziggurat, and saw 12 of its levels.
You also visited: Ice Cave.

You collected 11143 gold pieces.
You spent 4908 gold pieces at shops.

Inventory:

Missiles
 x - 14 throwing nets (quivered)
Armour
 N - a +2 hat of intelligence (worn)
Magical Staves
 a - a staff of air (weapon)
 X - a staff of cold
Jewellery
 b - the amulet "Woumoric" {Regen+ Str+4}
   (You found it on level 8 of a ziggurat)

   [amulet of regeneration]

   Str:       It affects your strength (+4).
   Regen:     It increases your rate of health regeneration.
 d - the ring "Orreovua" (left tentacle) {Wiz rF++}
   (You took it off an orc warrior on level 5 of the Vaults)

   [ring of wizardry]

   It improves your spell success rate.
   rF:        It greatly protects you from fire.
 j - the ring "Yntist" (right tentacle) {rF- Will+ rCorr Dex+3 Slay+6}
   (You found it on level 3 of the Shoals)

   [ring of resist corrosion]

   Dex:       It affects your dexterity (+3).
   Slay:      It affects your accuracy & damage with ranged weapons and melee
   (+6).
   rF:        It makes you vulnerable to fire.
   rCorr:     It protects you from acid and corrosion.
   Will:      It increases your willpower.
 l - the ring "Fucuiss" {Fly rF+++ Int-2 Dex+6 Stlth-}
   (You found it in Pandemonium)

   [ring of dexterity]

   Int:       It affects your intelligence (-2).
   Dex:       It affects your dexterity (+6).
   rF:        It renders you almost immune to fire.
   Fly:       It grants you flight.
   Stlth:     It makes you less stealthy.
 w - the ring "Udei" (on tentacle) {+Blink rN+ AC+4 Str+7}
   (You acquired it on level 2 of the Elven Halls)

   [ring of protection]

   AC:        It affects your AC (+4).
   Str:       It affects your strength (+7).
   rN:        It protects you from negative energy.
   +Blink:    It lets you blink.
 A - a +4 ring of evasion
 E - the amulet of Pap Wis {rElec Will+ Regen+}
   (You found it in Pandemonium)

   [amulet of regeneration]

   rElec:     It insulates you from electricity.
   Regen:     It increases your rate of health regeneration.
   Will:      It increases your willpower.
 H - the ring "Ulanow" {rElec AC+4 Str+3 Dex+5}
   (You took it off an orc on level 11 of the Dungeon)

   [ring of protection]

   AC:        It affects your AC (+4).
   Str:       It affects your strength (+3).
   Dex:       It affects your dexterity (+5).
   rElec:     It insulates you from electricity.
 J - the ring "Daoclei" (on tentacle) {Drain EV+4 Str+6 Slay+3}
   (You took it off a deep elf annihilator on level 3 of the Elven Halls)

   [ring of evasion]

   EV:        It affects your evasion (+4).
   Str:       It affects your strength (+6).
   Slay:      It affects your accuracy & damage with ranged weapons and melee
   (+3).
   Drain:     It drains your maximum health when unequipped.
 P - the ring "Xoiticun" (on tentacle) {rC+ AC+4}
   (You found it on level 9 of a ziggurat)

   [ring of protection]

   AC:        It affects your AC (+4).
   rC:        It protects you from cold.
 Q - the ring "Rociunk" (on tentacle) {rC++ Will+ Str+2}
   (You bought it in a shop on level 3 of the Shoals)

   [ring of willpower]

   Str:       It affects your strength (+2).
   rC:        It greatly protects you from cold.
   Will:      It increases your willpower.
 T - the ring of Teuh (on tentacle) {Fire Str+7}
   (You bought it in a shop on level 3 of the Shoals)

   [ring of fire]

   It enhances your fire magic.
   Str:       It affects your strength (+7).
   rF:        It protects you from fire.
   rC:        It makes you vulnerable to cold.
 U - the amulet of the Air (around mantle) {Inacc Air Fly rElec RMsl}
   (You bought it in a shop on level 2 of the Orcish Mines)

   [amulet of nothing]

   It reduces the accuracy of all your attacks.
   It enhances your air magic.
   rElec:     It insulates you from electricity.
   Fly:       It grants you flight.
   RMsl:      It protects you from missiles.
 V - a ring of fire
 W - an amulet of the acrobat
 Z - a +4 ring of slaying (on tentacle)
Wands
 r - a wand of digging (56)
 s - a wand of charming (6)
 R - a wand of acid (17)
Scrolls
 c - 22 scrolls of teleportation {@r4}
 e - 12 scrolls of enchant armour
 f - 12 scrolls of immolation
 g - 6 scrolls of silence
 h - 11 scrolls of fog
 k - 3 scrolls of holy word
 q - 7 scrolls of vulnerability
 u - 28 scrolls of identify {@r1}
 y - 5 scrolls of amnesia
 B - 3 scrolls of brand weapon
 G - 2 scrolls of magic mapping
 K - 11 scrolls of fear
 Y - 4 scrolls of summoning
Potions
 i - 3 potions of berserk rage
 m - 13 potions of attraction
 n - 7 potions of might
 o - 6 potions of cancellation
 t - 8 potions of mutation
 v - 4 potions of brilliance
 z - 24 potions of curing {@q1}
 C - 12 potions of lignification
 D - 2 potions of invisibility
 F - 6 potions of magic
 L - a potion of haste {@q3}
 M - 4 potions of resistance
 O - 9 potions of flight
 S - 9 potions of ambrosia
Miscellaneous
 I - a phantom mirror


   Skills:
 - Level 20.0 Fighting
 - Level 10.1 Dodging
 - Level 6.6 Stealth
 - Level 0.1 Shields
 + Level 25.7 Unarmed Combat
 + Level 22.6 Spellcasting
 - Level 8.7 Conjurations
 - Level 19.0 Translocations
 O Level 27 Transmutations
 - Level 14.6 Ice Magic
 O Level 27 Air Magic
 - Level 18.3 Earth Magic


You had 26 spell levels left.
You knew the following spells:

 Your Spells              Type           Power      Damage    Failure   Level
a - Shatter               Erth           62%        3d46*     5%          9
b - Manifold Assault      Tloc           100%       N/A       0%          5
c - Frozen Ramparts       Ice            100%       1d12      0%          3
d - Ozocubu's Armour      Ice            100%       N/A       0%          3
e - Ozocubu's Refrigerat  Ice            57%        4d16      1%          7
f - Passwall              Tmut/Erth      100%       N/A       0%          2
g - Apportation           Tloc           100%       N/A       0%          1
h - Storm Form            Tmut/Air       97%        N/A       0%          7
i - Necromutation         Tmut/Necr      55%        N/A       9%          8

Your spell library contained the following spells:

 Spells                   Type           Power      Damage    Failure   Level
 Lehudib's Crystal Spear  Conj/Erth      55%        10d13     2%          8
 Chain Lightning          Conj/Air       86%        3d115     7%          9
 Beastly Appendage        Tmut           100%       N/A       0%          1
 Magic Dart               Conj           100%       1d8       0%          1
 Sandblast                Erth           100%       2d20      0%          1
 Sting                    Tmut/Pois      100%       1d8       0%          1
 Blink                    Tloc           100%       N/A       0%          2
 Corpse Rot               Necr/Air       100%       N/A       0%          2
 Poisonous Vapours        Pois/Air       100%       N/A       0%          2
 Static Discharge         Conj/Air       100%       N/A       0%          2
 Wereblood                Tmut           100%       N/A       0%          2
 Lesser Beckoning         Tloc           100%       N/A       0%          3
 Spider Form              Tmut/Pois      100%       N/A       0%          3
 Stone Arrow              Conj/Erth      100%       3d13      0%          3
 Swiftness                Air            100%       N/A       0%          3
 Ice Form                 Ice/Tmut       100%       N/A       0%          4
 Passage of Golubria      Tloc           100%       N/A       0%          4
 Petrify                  Tmut/Erth      100%       N/A       0%          4
 Freezing Cloud           Conj/Ice/Air   85%        6-21      0%          5
 Lee's Rapid Deconstruct  Erth           62%        3d29*     0%          5
 Lightning Bolt           Conj/Air       86%        1d114     0%          5
 Statue Form              Tmut/Erth      89%        N/A       0%          6
 Animate Skeleton         Necr           100%       N/A       1%          1
 Foxfire                  Conj/Fire      100%       2x1d9     1%          1
 Pain                     Necr           100%       1d9       1%          1
 Slow                     Hex            100%       N/A       1%          1
 Summon Small Mammal      Summ           100%       N/A       1%          1
 Ensorcelled Hibernation  Hex/Ice        100%       N/A       1%          2
 Scorch                   Fire           100%       2d10      1%          2
 Sublimation of Blood     Necr           53%        N/A       1%          2
 Call Canine Familiar     Summ           53%        N/A       1%          3
 Confusing Touch          Hex            53%        N/A       1%          3
 Conjure Flame            Conj/Fire      97%        6-21      1%          3
 Dazzling Flash           Conj/Hex       100%       N/A       1%          3
 Ignite Poison            Fire/Tmut/Pois 100%       N/A       1%          3
 Portal Projectile        Hex/Tloc       100%       N/A       1%          3
 Summon Guardian Golem    Hex/Summ       53%        N/A       1%          3
 Tukima's Dance           Hex            53%        N/A       1%          3
 Vampiric Draining        Necr           53%        2d9       1%          3
 Flame Wave               Conj/Fire      97%        2d13      1%          4
 Fulminant Prism          Conj/Hex       38%        3d18      1%          4
 Hailstorm                Conj/Ice       100%       3d20      1%          4
 Iskenderun's Mystic Bla  Conj/Tloc      100%       2d19      1%          4
 Leda's Liquefaction      Hex/Erth       48%        N/A       1%          4
 Olgreb's Toxic Radiance  Pois           53%        N/A       1%          4
 Sticky Flame             Conj/Fire      97%        2d11      1%          4
 Summon Ice Beast         Ice/Summ       90%        N/A       1%          4
 Summon Lightning Spire   Summ/Air       100%       N/A       1%          4
 Alistair's Intoxication  Tmut/Pois      74%        N/A       1%          5
 Borgnjor's Vile Clutch   Necr/Erth      48%        N/A       1%          5
 Fireball                 Conj/Fire      48%        3d19      1%          5
 Iskenderun's Battlesphe  Conj           95%        2d14      1%          5
 Metabolic Englaciation   Hex/Ice        45%        N/A       1%          5
 Silence                  Hex/Air        80%        N/A       1%          5
 Summon Forest            Summ/Tloc      49%        N/A       1%          5
 Yara's Violent Unravell  Hex/Tmut       55%        3d21      1%          5
 Conjure Ball Lightning   Conj/Air       86%        3x3d32    1%          6
 Eringya's Noxious Bog    Tmut/Pois      55%        N/A       1%          6
 Iron Shot                Conj/Erth      55%        9d10      1%          6
 Disjunction              Tloc           63%        N/A       1%          8
 Maxwell's Capacitive Co  Air            97%        ∞         1%          8
 Simulacrum               Ice/Necr       45%        N/A       2%          6
 Starburst                Conj/Fire      48%        6d13      2%          6
 Orb of Destruction       Conj           47%        9d15      2%          7
 Animate Dead             Necr           26%        N/A       3%          4
 Dispel Undead            Necr           53%        3d19      3%          4
 Agony                    Necr           53%        N/A       10%         5
 Excruciating Wounds      Necr           26%        N/A       10%         5
 Spellforged Servitor     Conj/Summ      38%        N/A       13%         7
 Death Channel            Necr           26%        N/A       45%         6
 Summon Cactus Giant      Summ           26%        N/A       45%         6
 Haunt                    Necr/Summ      26%        N/A       94%         7
 Summon Hydra             Summ           26%        N/A       94%         7
 Borgnjor's Revivificati  Necr           26%        N/A       100%        8
 Discord                  Hex            26%        N/A       100%        8
 Infestation              Necr           26%        N/A       100%        8
 Death's Door             Necr           26%        N/A       100%        9


Dungeon Overview and Level Annotations

Branches:
Dungeon (15/15)            Temple (1/1) D:6            Lair (6/6) D:11
 Shoals (4/4) Lair:4        Snake (4/4) Lair:4        Slime (5/5) Lair:5
    Orc (2/2) D:11            Elf (3/3) Orc:2        Vaults (5/5) D:14
  Crypt (3/3) Vaults:2       Tomb (2/3) Crypt:3      Depths (4/4) D:15
   Hell (visited)             Dis (7/7) Hell            Geh (7/7) Hell
    Coc (7/7) Hell            Tar (7/7) Hell            Zot (2/5) Depths:4
  IceCv (visited)

Altars:
Ashenzari
Cheibriados
Dithmenos
Fedhas
Gozag
Hepliaklqana
Kikubaaqudgha
Makhleb
Qazlal
Trog
Uskayaw
Vehumet
Wu Jian
Xom
Yredelemnul
The Shining One
Jiyva

Shops:
D:5 *   D:6 [   D:10 *   D:14 [   Orc:1 :   Orc:2 (*[=(   Elf:1 ?   Elf:3 :[
Shoals:1 *   Shoals:2 (   Shoals:3 =   Vaults:1 (   Vaults:5 ?[(=
Depths:1 *!!

Portals:
Hell: Depths:1 Depths:2 Depths:3 Depths:4
Abyss: Depths:3
Pandemonium: Depths:2

Annotations:
D:2 Sigmund
D:6 1 runed translucent door, Crazy Yiuf
D:8 exclusion: gargoyle
D:11 exclusion: boulder beetle
D:12 2 runed translucent doors, a11behringer's ghost, journeyman MiBe
Geh:7 Asmodeus


Innate Abilities, Weirdness & Mutations

You cannot wear most types of armour.
You are amphibious.
You can wear up to eight rings at the same time.
Your skin changes colour to match your surroundings (Stealth+).
Your rubbery body absorbs attacks. (AC +1, EV +1)
((You are camouflaged near water. (Stealth+)))
You have tentacles for arms and can constrict up to eight enemies at once.
You possess an exceptional clarity of mind.
You are clumsy. (Dex -2)
Your magical capacity is low. (-10% MP)


Message History

You kill the emperor scorpion!
The emperor scorpion's corpse disappears in a puff of smoke!
The royal mummy is severely damaged.
The royal mummy is almost destroyed.
The emperor scorpion is heavily wounded.
You feel extremely nervous for a moment...
You are engulfed in negative energy!
You resist.
You hear a hideous shriek!
The bennu closely misses you. x3; The bennu pecks you but does no damage.
The bennu claws you! The bennu closely misses you.
You hear a loud "Zot"!
The bennu misses you. The bennu barely misses you. The bennu claws you.
A guardian mummy comes into view.
The bennu pecks you! The bennu sears you!! The bennu claws you!
The bennu barely misses you.
A mummy comes into view.
Okay, then. 2 guardian mummies come into view.
Found 20 gold pieces.
You feel yourself speed up. The bennu misses you.
The bennu claws you but does no damage. The bennu claws you!
The bennu completely misses you. The bennu barely misses you.
The bennu misses you.
The bennu's plumage briefly flares with an otherwordly flame.
The bennu pecks you! The bennu sears you!!
* * * LOW HITPOINT WARNING * * *
The bennu claws you but does no damage. The bennu misses you.
The bennu pecks you but does no damage. The bennu claws you!
* * * LOW HITPOINT WARNING * * *
The bennu misses you. The bennu closely misses you.
The bennu completely misses you. The bennu misses you.
Okay, then.
You feel yourself come back to life.
An ancient champion comes into view.
It is wielding a +2 battleaxe of draining.
The bennu pecks you!
* * * LOW HITPOINT WARNING * * *
The bennu claws you!
* * * LOW HITPOINT WARNING * * *
The bennu closely misses you. The bennu pecks you!
You die...

.....^.......z.
.M..............
$.........^.....
................
...............!
................
................
.......@b.......
.M$.....b(......
.......M......s.
..........M.....
.....^..........
............s...
...M).........!.
....^.........M.
...............


You could see 2 royal mummies, 2 emperor scorpions, 2 bennus, an ancient
champion, 3 guardian mummies and a mummy.

Vanquished Creatures
  Cerebov (Pan)
  Antaeus (Coc:7)
  the Royal Jelly (Slime:5)
  Gloorx Vloq (Pan)
  Lom Lobon (Pan)
  A seraph (Pan)
  Mnoleg (Pan)
  10 dread liches
  12 ancient liches
  3 juggernauts
  Mennas (Crypt:3)
  19 royal mummies
  Sojobo (Depths:4)
  40 shard shrikes
  11 pandemonium lords
  Xtahua (Crypt:1)
  19 caustic shrikes
  4 Killer Klowns
  Bai Suzhen (Crypt:1)
  Saint Roka (Snake:4)
  Geryon (Hell)
  7 golden dragons
  Jory (Vaults:3)
  16 bone dragons
  15 profane servitors
  15 iron giants
  10 Brimstone Fiends
  An electric golem (Zot:2)
  2 hellephants
  7 doom hounds
  9 Tzitzimimeh
  A spectral shard shrike (Tar:4)
  2 walking crystal tomes (Depths:3)
  26 Ice Fiends
  12 tentacled monstrosities
  14 Hell Sentinels
  15 liches
  17 tainted leviathans
  3 quicksilver dragons (Zot:1)
  13 searing wretches
  16 titans
  22 Executioners
  A deep elf blademaster (Elf:3)
  A deep elf master archer (Elf:3)
  A quicksilver dragon (shapeshifter) (Zig:10)
  17 acid blobs
  A thorn hunter (Abyss:3)
  19 tentacled starspawn
  12 sphinxes
  The ghost of Ivviemy the Whirler, an adept HaHu of Okawaru (Depths:3)
  2 death cobs
  11 shadow dragons (Vaults:5)
  28 ancient champions
  Kirke (Lair:5)
  9 tengu reavers
  Agnes (Elf:1)
  9 storm dragons
  6 demonspawn warmongers (Pan)
  2 revenants
  4 nagarajas
  An azure jelly (shapeshifter) (Zig:10)
  8 narguns
  15 fire giants
  9 rockslimes
  4 draconian monks
  7 frost giants
  14 azure jellies
  15 daevas (Pan)
  13 deep elf sorcerers
  9 iron dragons
  2 draconian knights (Zot:2)
  3 ghost moths
  25 balrugs
  7 quicksilver elementals
  12 cacodemons
  5 draconian shifters
  3 orc warlords
  11 shard shrike simulacra
  2 frost giants (shapeshifter) (Zig:10)
  29 vault wardens
  10 angels (Pan)
  2 caustic shrike zombies (Crypt:3)
  A juggernaut zombie (Hell)
  A deep elf elementalist (Elf:3)
  Aizul (Shoals:3)
  6 draconian scorchers
  A ghoul (Crypt:3)
  4 curse skulls
  8 reapers
  5 draconian annihilators
  6 draconian stormcallers
  3 demonspawn corrupters (Pan)
  A spriggan defender (Depths:4)
  2 demonspawn blood saints (Pan)
  9 quicksilver oozes
  26 war gargoyles
  33 ironbound preservers
  A caustic shrike skeleton (Crypt:3)
  29 elemental wellsprings
  10 ophanim (Pan)
  17 very ugly things
  6 apis (Pan)
  9 stone giants
  2 demonspawn black suns (Pan)
  6 vampire knights
  14 putrid mouths
  4 lorocyprocas
  6 bennus
  8 deep elf demonologists
  8 green draconians
  4 white draconians (Zot:2)
  4 deep elf annihilators
  4 entropy weavers
  13 dire elephants
  16 wendigos
  6 red draconians
  4 yellow draconians
  11 black draconians
  An eidolon (Abyss:1)
  7 purple draconians
  4 merfolk javelineers
  12 ettins
  27 iron golems
  7 green deaths
  2 spectral quicksilver dragons
  10 great orbs of eyes
  3 merfolk impalers
  7 blizzard demons
  4 crystal guardians
  8 deep elf death magi
  18 yaktaur captains
  3 jiangshi (Crypt:1)
  12 mummy priests
  Josephine (D:15)
  A spectral kraken (Tar:7)
  8 fire dragons
  2 kraken zombies (Hell)
  8 deep elf high priests
  6 caustic shrike simulacra
  2 hell beasts
  A great orb of eyes (shapeshifter) (Depths:3)
  10 naga warriors
  32 vault guards
  11 hydras
  5 boulder beetles
  5 ironbound thunderhulks
  4 juggernaut simulacra
  5 rakshasas
  An ogre mage (Vaults:5)
  16 salamander tyrants
  5 spriggan air magi
  6 ice dragons
  2 peacekeepers
  2 anacondas (shapeshifter)
  3 stokers
  A catoblepas (Lair:6)
  6 ironbound frosthearts
  4 merfolk avatars
  19 anacondas
  4 merfolk aquamancers
  3 alligator snapping turtles (Shoals:4)
  16 centaur warriors
  5 satyrs
  2 death knights
  4 deep troll shamans
  A satyr (shapeshifter) (Zig:9)
  4 tengu warriors
  5 two-headed ogres
  4 vampire magi
  49 dancing weapons
  6 death yaks (IceCv)
  34 death scarabs (Tomb:1)
  A titan zombie (Crypt:3)
  10 hell hogs
  10 thrashing horrors
  3 deep troll earth magi
  24 hell knights
  4 orc high priests (Orc:2)
  3 spriggan berserkers
  2 spectral spriggans
  A spriggan (Depths:4)
  15 soul eaters
  8 naga sharpshooters
  13 shock serpents
  A storm dragon zombie (Hell)
  17 deep elf knights
  A titan skeleton (Tomb:2)
  A shock serpent (shapeshifter) (Vaults:4)
  34 sun demons
  7 crystal echidnas
  10 shadow wraiths
  16 sixfirhies
  21 skeletal warriors
  15 wretched stars
  11 iron trolls
  9 quicksilver dragon simulacra
  67 deep trolls
  An iron troll (shapeshifter) (Zig:12)
  2 glowing orange brains (shapeshifter)
  7 salamander mystics
  2 golden dragon zombies (Hell)
  A spectral anaconda (Tar:4)
  A storm dragon skeleton (Abyss:1)
  A death drake (Abyss:4)
  A bunyip zombie (Crypt:3)
  4 spatial maelstroms
  12 sea snakes
  11 cherubim (Pan)
  An orange crystal statue (Depths:3)
  7 shadow demons
  8 naga ritualists
  3 anaconda zombies
  A deep troll (shapeshifter) (Vaults:5)
  Pikel (D:4)
  16 orc knights
  A bunyip skeleton (Crypt:3)
  44 starcursed masses
  10 glowing orange brains
  An iron giant skeleton (Tomb:1)
  6 phantasmal warriors
  12 deep elf archers
  16 ironbound convokers
  2 anaconda skeletons
  12 deep elf pyromancers
  21 wizards
  18 lindwurms
  17 necromancers
  A harpy (shapeshifter) (D:14)
  An iron dragon zombie (Hell)
  6 orc sorcerers
  27 deep elf zephyrmancers
  51 ugly things
  21 fauns
  A fire giant zombie (Hell)
  5 shining eyes
  A sphinx zombie (Hell)
  12 harpies
  12 mana vipers
  2 orb spiders (Zig:5)
  10 cyclopes
  8 manticores
  3 manticores (shapeshifter)
  A shadow dragon skeleton (Crypt:1)
  A moth of wrath (shapeshifter) (Abyss:4)
  22 salamanders
  3 frost giant zombies (Hell)
  A cyclops (shapeshifter) (Zig:12)
  11 merfolk sirens
  12 moths of wrath
  4 worldbinders
  A stone giant skeleton (Crypt:3)
  9 elephants
  8 guardian serpents
  36 black mambas
  6 water nymphs
  A spectral centaur (Tar:1)
  7 apocalypse crabs
  2 ice statues (Hell)
  4 eyes of devastation
  20 vault sentinels
  A dire elephant zombie (Abyss:5)
  4 spriggan zombies
  7 titan simulacra
  9 orange demons
  3 rust devils
  46 smoke demons
  15 cane toads
  15 naga magi
  10 spectral swamp worms (Tar:7)
  3 kobold demonologists
  5 spriggan skeletons
  20 hellions
  12 molten gargoyles
  3 naga skeletons
  8 rime drakes
  Psyche (D:9)
  A cane toad (shapeshifter) (D:14)
  3 unseen horrors (Depths:3)
  9 komodo dragons
  54 yaktaurs
  2 sea snake zombies (Hell)
  4 efreet (Pan)
  7 freezing wraiths
  11 demonic crawlers
  23 tormentors
  A spectral harpy (Tar:1)
  3 ice devils
  2 spectral nagas (Tar:5)
  54 large abominations
  6 anaconda simulacra
  8 ancient zymes
  5 tengu conjurers
  A red devil (Hell)
  A sea snake skeleton (Hell)
  3 iron giant simulacra
  3 silent spectres
  3 golden dragon simulacra
  17 guardian mummies
  21 hellwings
  A jumping spider (shapeshifter) (D:14)
  23 merfolk
  6 trolls
  A death drake skeleton (Crypt:2)
  5 polar bears (IceCv)
  A hydra zombie (Hell)
  6 meliai (D:15)
  A queen bee (Lair:3)
  2 hornets
  Grinder (D:5)
  2 harpy skeletons
  21 blink frogs
  2 wind drakes (Shoals:4)
  2 harpy zombies (Crypt:3)
  43 raiju
  11 snapping turtles
  2 dream sheep (Shoals:3)
  An alligator zombie (Hell)
  51 slime creatures
  A slime creature (shapeshifter) (D:15)
  3 stone giant simulacra
  A fire dragon zombie (Crypt:3)
  3 iron dragon simulacra
  54 flying skulls
  A centaur simulacrum (D:14)
  2 vampires
  2 redbacks
  8 dire elephant simulacra
  16 water elementals
  2 shadows
  A tarantella (Zig:1)
  7 spriggan simulacra
  27 yaks
  3 fire elementals (Elf:3)
  6 fire bats
  A tarantella (shapeshifter) (Elf:2)
  5 wraiths
  15 ynoxinuls
  4 ushabtiu (Tomb:1)
  4 wyverns
  A yak (shapeshifter) (Depths:3)
  2 basilisks (Lair:2)
  29 chaos spawn
  6 hogs (Lair:5)
  A human (shapeshifter) (D:15)
  A golden eye (shapeshifter) (D:15)
  6 golden eyes
  2 steam dragons
  6 spatial vortices
  An alligator snapping turtle simulacrum (Coc:3)
  A sea snake simulacrum (Hell)
  16 neqoxecs
  2 naga zombies
  4 wargs
  A hell hound (D:12)
  23 nagas
  A swamp worm (shapeshifter) (Zig:12)
  Edmund (D:4)
  18 harpy simulacra
  18 water moccasins
  2 acid dragons
  A tengu zombie (Hell)
  3 hydra simulacra
  40 orc warriors
  A floating eye (shapeshifter) (Vaults:5)
  A floating eye (Depths:3)
  A sky beast (D:5)
  3 black bears
  2 ice beasts
  2 ice beasts (shapeshifter)
  A boggart (shapeshifter) (Vaults:5)
  6 ettin simulacra
  A necrophage (Crypt:3)
  7 ogres
  19 wolves
  14 centaurs
  4 lemures
  23 small abominations
  2 kobold brigands (D:11)
  Blork the orc (D:4)
  3 earth elementals
  18 bullfrogs
  3 two-headed ogre simulacra
  A gnoll sergeant (D:11)
  6 scorpions
  A water moccasin skeleton (D:4)
  A queen bee zombie (Crypt:1)
  2 swamp dragon simulacra
  24 killer bees (Lair:3)
  8 electric eels
  2 howler monkeys
  2 lava snakes (D:12)
  3 quasits
  4 centaur zombies
  A jelly (D:4)
  A basilisk skeleton (Crypt:1)
  3 hounds
  A bullfrog skeleton (D:7)
  2 gnoll shamans
  23 orc priests
  An iron imp (Abyss:4)
  3 centaur skeletons
  2 iguanas (D:7)
  5 hell rats (Hell)
  31 orc wizards
  3 polar bear simulacra (D:13)
  2 troll simulacra (D:13)
  A killer bee zombie (D:8)
  11 mummies
  A howler monkey zombie (D:10)
  15 gnolls
  3 naga simulacra
  4 adders
  A white imp (Abyss:1)
  2 ufetubi
  An iguana zombie (Crypt:2)
  An adder skeleton (D:4)
  A worm (D:3)
  6 dart slugs
  101 orcs
  3 bats (D:1)
  7 endoplasms
  3 giant cockroaches
  7 hobgoblins
  4 quokkas
  5 ball pythons
  2 frilled lizards
  5 goblins
  A jackal skeleton (Crypt:1)
  13 kobolds
  3 rats
  A river rat zombie (Crypt:2)
  2 ball lightnings (Pan)
  2 creeping infernos
  21 fire vortices
  2 lurking horrors
  12 starspawn tentacles
  5 tentacles
3686 creatures vanquished.

Vanquished Creatures (collateral kills)
  An Ice Fiend (Coc:7)
  A frost giant (IceCv)
  A death yak (IceCv)
3 creatures vanquished.

Vanquished Creatures (others)
  2 shard shrikes (Coc:6)
  An eldritch tentacle (Pan)
  2 shard shrike simulacra
  A war gargoyle (Vaults:5)
  A caustic shrike simulacrum (Coc:7)
  An ogre mage (Abyss:3)
  3 merfolk aquamancers
  A fire crab (shapeshifter) (Abyss:3)
  A quicksilver dragon simulacrum (Coc:6)
  A smoke demon (Pan)
  A water elemental (Shoals:2)
  2 fire bats
  A dire elephant simulacrum (Coc:6)
  4 chaos spawn
  A naga simulacrum (Coc:6)
  A ball lightning (Pan)
  A creeping inferno (Geh:3)
  A fire vortex (Geh:7)
  56 fungi
  76 plants
  19 starspawn tentacles
  7 tentacles
184 creatures vanquished.

Grand Total: 3873 creatures vanquished

Notes
Turn   | Place    | Note
-------+----------+-------------------------------------------
     0 | D:1      | freelancePsychic the Octopode Earth Elementalist began the
                  | quest for the Orb.
     0 | D:1      | Reached XP level 1. HP: 11/11 MP: 3/3
   266 | D:1      | Reached XP level 2. HP: 17/17 MP: 3/5
   986 | D:1      | Found a faded altar of an unknown god.
  1129 | D:2      | Reached skill level 1 in Conjurations
  1337 | D:2      | Reached XP level 3. HP: 21/21 MP: 2/6
  1766 | D:2      | Reached XP level 4. HP: 24/27 MP: 4/7
  1800 | D:2      | Learned a level 3 spell: Stone Arrow
  1860 | D:2      | Noticed Sigmund
  2903 | D:3      | Reached XP level 5. HP: 31/31 MP: 6/9
  3401 | D:4      | Noticed Blork the orc
  3510 | D:4      | You fall into a shaft and drop 2 floors!
  3597 | D:6      | Found a runed translucent door.
  3598 | D:6      | Noticed Crazy Yiuf
  3637 | D:6      | Noticed an ogre
  3650 | D:5      | Entered Level 5 of the Dungeon
  3653 | D:5      | Reached skill level 1 in Fighting
  3653 | D:5      | Reached skill level 5 in Stealth
  3653 | D:5      | Reached XP level 6. HP: 38/38 MP: 7/10
  3678 | D:5      | Noticed an ice beast
  3908 | D:5      | Found Derotrir's General Store.
  3917 | D:5      | Bought a potion of might for 52 gold pieces
  3954 | D:5      | Noticed an ice beast
  3983 | D:5      | Bought 2 scrolls of identify for 52 gold pieces
  4000 | D:5      | Noticed a sky beast
  4063 | D:4      | Noticed Pikel
  4240 | D:5      | Killed a sky beast
  4241 | D:5      | Reached XP level 7. HP: 45/45 MP: 1/11
  4677 | D:4      | Reached skill level 5 in Earth Magic
  5448 | D:4      | Reached XP level 8. HP: 54/54 MP: 5/12
  5550 | D:4      | Identified the +7 mace of Painful Death {flame, Fragile
                  | rElec Will+ Dex+3}
  5655 | D:4      | Noticed Edmund
  6046 | D:4      | Killed Edmund
  6291 | D:4      | Killed Pikel
  6292 | D:4      | Reached skill level 5 in Fighting
  6292 | D:4      | Reached skill level 5 in Conjurations
  6710 | D:4      | Killed Blork the orc
  6849 | D:5      | Noticed Grinder
  6863 | D:5      | Paralysed by Grinder for 5 turns
  6879 | D:5      | Killed Grinder
  6880 | D:5      | Reached XP level 9. HP: 61/61 MP: 2/13
  7715 | D:6      | Found Toahone's Antique Armour Shoppe.
  7823 | D:6      | Found a staircase to the Ecumenical Temple.
  7857 | Temple   | Entered the Ecumenical Temple
  7879 | Temple   | Became a worshipper of Vehumet
  9842 | D:8      | Found a transporter.
  9924 | D:8      | Found a transporter.
 10016 | D:8      | Found a transporter.
 10027 | D:8      | Found a transporter.
 10525 | D:8      | Found a transporter.
 10534 | D:8      | Found a transporter.
 10667 | D:8      | Reached XP level 10. HP: 71/71 MP: 6/16
 10795 | D:8      | Noticed a gargoyle
 11233 | D:9      | Learned a level 2 spell: Passwall
 11245 | D:9      | Identified the +6 plate armour "Fowuleiw" {Slay+5}
 11248 | D:9      | Identified the +1 scale mail of Yhowk {rC+ Int+4}
 11402 | D:9      | Reached * piety under Vehumet
 11402 | D:9      | Offered knowledge of Foxfire by Vehumet.
 11434 | D:9      | Noticed Psyche
 11438 | D:9      | Killed Psyche
 11693 | D:9      | Reached skill level 5 in Spellcasting
 12228 | D:9      | Found an opulent altar of Gozag.
 12291 | D:10     | Entered Level 10 of the Dungeon
 12781 | D:10     | Found Sehu's General Store.
 12865 | D:10     | Bought a scroll of identify for 22 gold pieces
 12986 | D:6      | Bought a glowing hat for 168 gold pieces
 13111 | D:10     | Bought a scroll of blinking for 82 gold pieces
 13310 | D:11     | Found a staircase to the Lair.
 13458 | D:11     | Offered knowledge of Searing Ray by Vehumet.
 13459 | D:11     | Identified the ring "Ulanow" {rElec AC+4 Str+3 Dex+5}
 13467 | D:11     | Reached ** piety under Vehumet
 13798 | D:11     | Noticed a kobold demonologist
 14057 | D:11     | Killed a kobold demonologist
 14058 | D:11     | Reached XP level 11. HP: 78/78 MP: 6/20
 14063 | D:11     | Reached skill level 5 in Dodging
 14284 | D:11     | Offered knowledge of Mephitic Cloud by Vehumet.
 14357 | D:11     | Found a staircase to the Orcish Mines.
 14499 | D:11     | Noticed a boulder beetle
 14631 | D:11     | Reached *** piety under Vehumet
 15383 | D:12     | Learned a level 3 spell: Ozocubu's Armour
 15426 | Lair:1   | Entered Level 1 of the Lair of Beasts
 15429 | Lair:1   | Reached skill level 1 in Ice Magic
 15690 | Lair:1   | Offered knowledge of Frozen Ramparts by Vehumet.
 15695 | Lair:1   | Learned a level 3 spell: Frozen Ramparts
 16026 | Lair:1   | Noticed an eight-headed hydra
 16031 | Lair:1   | Killed an eight-headed hydra
 16032 | Lair:1   | Reached skill level 5 in Ice Magic
 16517 | Lair:1   | Noticed a seven-headed hydra
 16519 | Lair:1   | Reached skill level 10 in Fighting
 16532 | Lair:1   | Killed a seven-headed hydra
 16533 | Lair:1   | Reached XP level 12. HP: 84/87 MP: 6/21
 18161 | Lair:2   | Reached **** piety under Vehumet
 18428 | Lair:2   | Offered knowledge of Iskenderun's Battlesphere by Vehumet.
 18731 | Lair:2   | Found the ring of the Octopus King
 19459 | Lair:3   | Noticed a boulder beetle
 19586 | Lair:2   | Identified a ring of the Octopus King {rCorr AC+1 EV+1
                  | Str+1 Int+1 Dex+1}
 19967 | Lair:3   | Reached skill level 10 in Ice Magic
 20543 | Lair:4   | Reached XP level 13. HP: 65/95 MP: 5/22
 20659 | Lair:4   | Learned a level 7 spell: Ozocubu's Refrigeration
 20699 | Lair:4   | Found a staircase to the Snake Pit.
 20731 | Lair:4   | You fall into a shaft and drop 1 floor!
 20919 | Lair:5   | Found a staircase to the Slime Pits.
 20920 | Lair:5   | Found a viscous altar of Jiyva.
 21370 | Lair:5   | Noticed Kirke
 21410 | Lair:5   | Killed Kirke
 22064 | Lair:4   | Reached ***** piety under Vehumet
 22064 | Lair:4   | Offered knowledge of Starburst by Vehumet.
 22986 | Lair:4   | Found a staircase to the Shoals.
 23989 | Lair:6   | Entered Level 6 of the Lair of Beasts
 24423 | Lair:6   | Reached XP level 14. HP: 101/101 MP: 8/26
 25000 | Orc:1    | Entered Level 1 of the Orcish Mines
 25190 | Orc:1    | Found Sinolaba's Book Emporium.
 25288 | Orc:1    | Reached skill level 1 in Translocations
 25288 | Orc:1    | Reached skill level 1 in Air Magic
 25288 | Orc:1    | Offered knowledge of Flame Wave by Vehumet.
 25904 | Orc:2    | Entered Level 2 of the Orcish Mines
 26292 | Orc:2    | Found a staircase to the Elven Halls.
 26557 | Orc:2    | Noticed an orc warlord
 26563 | Orc:2    | Killed an orc warlord
 27210 | Orc:2    | Found Olurpho's General Store.
 27211 | Orc:2    | Found Bidokker's Jewellery Boutique.
 27213 | Orc:2    | Found Seuloes's Antique Armour Boutique.
 27213 | Orc:2    | Found Komishuby's Antique Weapon Shop.
 27240 | Orc:2    | Bought the amulet of the Air {Inacc Air Fly rElec RMsl} for
                  | 564 gold pieces
 27240 | Orc:2    | Found the amulet of the Air {Inacc Air Fly rElec RMsl}
 27240 | Orc:2    | Bought the ring of Fixation {rPois MP+9} for 468 gold
                  | pieces
 27380 | Orc:2    | Found Meqay's Weapon Shoppe.
 27730 | Orc:1    | Bought an Inescapable Atlas for 408 gold pieces
 27736 | Orc:1    | Learned a level 5 spell: Manifold Assault
 27744 | Orc:1    | Learned a level 7 spell: Storm Form
 28076 | D:12     | Reached skill level 5 in Transmutations
 28174 | D:12     | Reached skill level 5 in Air Magic
 29102 | D:12     | Found a large runed translucent door.
 29102 | D:12     | Found a large runed translucent door.
 29104 | D:12     | Identified a scroll of acquirement
 29105 | D:12     | Acquired a staff of cold
 29108 | D:12     | Noticed a11behringer's ghost (journeyman MiBe)
 29309 | D:13     | Found a frozen archway.
 29355 | IceCv    | Entered an ice cave
 29367 | IceCv    | Reached XP level 15. HP: 62/106 MP: 27/27
 29750 | IceCv    | Noticed a frost giant
 29761 | IceCv    | Killed a frost giant
 30334 | D:13     | Reached ****** piety under Vehumet
 30706 | D:13     | Offered knowledge of Freezing Cloud by Vehumet.
 30965 | D:14     | Found Cheibriados's Comfort Zone.
 30965 | D:14     | Found a snail-covered altar of Cheibriados.
 31373 | D:14     | Found a gate to the Vaults.
 31519 | D:14     | Reached skill level 10 in Spellcasting
 32365 | D:15     | Entered Level 15 of the Dungeon
 32836 | D:15     | Found a hide-covered altar of Uskayaw.
 33109 | D:15     | Noticed Josephine
 33115 | D:15     | Killed Josephine
 33374 | D:15     | Reached XP level 16. HP: 112/112 MP: 30/30
 33458 | D:15     | Found a staircase to the Depths.
 33790 | Elf:1    | Entered Level 1 of the Elven Halls
 33973 | Snake:1  | Entered Level 1 of the Snake Pit
 34233 | Snake:1  | Reached skill level 10 in Transmutations
 34346 | Snake:1  | Reached skill level 10 in Air Magic
 36165 | Snake:3  | Noticed a nagaraja
 36168 | Snake:3  | Killed a nagaraja
 36344 | Snake:3  | Offered knowledge of Lee's Rapid Deconstruction by Vehumet.
 37022 | Snake:3  | Reached XP level 17. HP: 103/117 MP: 26/31
 37730 | Snake:4  | Entered Level 4 of the Snake Pit
 37734 | Snake:4  | Reached skill level 5 in Translocations
 38003 | Snake:4  | Noticed Saint Roka
 38008 | Snake:4  | Killed Saint Roka
 38627 | Snake:4  | Offered knowledge of Iron Shot by Vehumet.
 38751 | Snake:4  | Found an ancient bone altar of Kikubaaqudgha.
 39667 | Snake:4  | Got a serpentine rune of Zot
 40413 | Shoals:1 | Entered Level 1 of the Shoals
 40464 | Shoals:1 | Reached skill level 1 in Unarmed Combat
 40468 | Shoals:1 | Reached XP level 18. HP: 120/124 MP: 14/32
 41438 | Shoals:1 | Acquired a +1 hat of intelligence
 41532 | Shoals:2 | Offered knowledge of Yara's Violent Unravelling by Vehumet.
 41619 | Shoals:2 | Found Dez Edwais's Firing Range.
 42887 | Shoals:3 | Noticed Aizul
 42900 | Shoals:3 | Killed Aizul
 43160 | Shoals:3 | Found Ruqi's Jewellery Emporium.
 43168 | Shoals:3 | Bought the ring "Rociunk" {rC++ Will+ Str+2} for 859 gold
                  | pieces
 43401 | Shoals:3 | Identified the ring "Yntist" {rF- Will+ rCorr Dex+3 Slay+6}
 43965 | Shoals:4 | Entered Level 4 of the Shoals
 44447 | Shoals:4 | Reached skill level 5 in Unarmed Combat
 44604 | Shoals:4 | Identified the +4 morningstar of Karma {freeze, Stlth+}
 44693 | Shoals:4 | Got a barnacled rune of Zot
 45094 | Shoals:4 | Identified the +7 rapier "Diatiq" {vorpal, Drain +Blink
                  | rElec rC+}
 45201 | Shoals:4 | Reached skill level 15 in Transmutations
 45438 | Shoals:4 | Offered knowledge of Ignition by Vehumet.
 45480 | Shoals:4 | Reached skill level 15 in Air Magic
 45824 | Shoals:4 | Reached skill level 10 in Translocations
 45826 | Shoals:4 | Acquired 1039 gold pieces
 45863 | Shoals:3 | Bought the ring of Teuh {Fire Str+7} for 747 gold pieces
 46370 | Shoals:1 | Found Waov's Gadget Gallery.
 46568 | Elf:1    | Reached XP level 19. HP: 128/128 MP: 33/33
 46648 | Elf:1    | Found Balixab's Magic Scroll Emporium.
 46664 | Elf:1    | Bought a scroll of magic mapping for 49 gold pieces
 46664 | Elf:1    | Bought a scroll of immolation for 49 gold pieces
 47099 | Elf:1    | Identified the +0 scale mail of Amorality {+Blink Regen+
                  | Str+2}
 47630 | Elf:1    | Noticed Agnes
 47644 | Elf:1    | Killed Agnes
 48657 | Elf:2    | Acquired the ring "Udei" {+Blink rN+ AC+4 Str+7}
 49062 | Elf:2    | Offered knowledge of Lehudib's Crystal Spear by Vehumet.
 49062 | Elf:2    | Offered knowledge of Shatter by Vehumet.
 49062 | Elf:2    | Offered knowledge of Chain Lightning by Vehumet.
 49249 | Elf:2    | Found a huge runed translucent gate.
 49249 | Elf:2    | Found a huge runed translucent gate.
 49249 | Elf:2    | Found a huge runed translucent gate.
 49249 | Elf:2    | Found a huge runed translucent gate.
 49250 | Elf:2    | Found a huge runed translucent gate.
 50030 | Elf:3    | Entered Level 3 of the Elven Halls
 50048 | Elf:3    | Found Ymewab's Book Shoppe.
 50176 | Elf:3    | Identified the ring of Eblufykk {Fire Dex+3}
 50222 | Elf:3    | Reached XP level 20. HP: 99/137 MP: 27/34
 50636 | Elf:3    | Found Zuadajai's Antique Armour Shop.
 50928 | Elf:3    | Identified the ring of Eptegoho {Ice Int+6 Dex+7 Slay-5}
 50944 | Elf:3    | Identified the ring of Ikait Ats {rElec rC+ Int+2}
 50954 | Elf:3    | Identified the +2 robe "Sorghis" {Regen+}
 50962 | Elf:3    | Got Kaheiph's Guide on the Glacial Mountains
 50970 | Elf:3    | Got the Reference Book on Blows and Bruises
 50990 | Elf:3    | Identified the ring "Qarphem" {rN+ rCorr Str+6 Int-3}
 50991 | Elf:3    | Identified the ring "Daoclei" {Drain EV+4 Str+6 Slay+3}
 51149 | Elf:3    | Identified the +4 ring mail "Gucvior" {Str-3 Int+7}
 51150 | Elf:3    | Identified the +0 pair of gloves of the Tick {Drain rElec
                  | rPois SInv}
 51154 | Elf:3    | Got the Catalogue of Evil Arts and the Traveller
 51504 | Vaults:1 | Entered Level 1 of the Vaults
 52160 | Vaults:1 | Found Kebud's Weapon Emporium.
 52372 | Vaults:1 | Identified the +0 plate armour "Wiuleuz" {rPois}
 53230 | Vaults:1 | Found a transporter.
 53251 | Vaults:1 | Found a transporter.
 53272 | Vaults:1 | Reached XP level 21. HP: 107/145 MP: 24/35
 53287 | Vaults:1 | Identified the -6 hat of a bazaar {rF+ rN+ Regen+ Dex+4}
 53717 | Vaults:2 | Reached skill level 10 in Unarmed Combat
 54083 | Vaults:2 | Noticed a bone dragon
 54091 | Vaults:2 | Killed a bone dragon
 54989 | Vaults:2 | Found a staircase to the Crypt.
 55483 | Vaults:3 | You are sucked into a shaft and drop 1 floor!
 55638 | Vaults:4 | Reached XP level 22. HP: 155/155 MP: 36/36
 56973 | Vaults:5 | Entered Level 5 of the Vaults
 57098 | Vaults:5 | Noticed a golden dragon
 57103 | Vaults:5 | Killed a golden dragon
 57429 | Vaults:5 | Identified the ring "Berorimo" {Fly rC- rN+ Str+5}
 57497 | Vaults:5 | Reached XP level 23. HP: 111/161 MP: 35/38
 58222 | Vaults:5 | Found Haolookk's Jewellery Boutique.
 58227 | Vaults:5 | Reached skill level 15 in Translocations
 58236 | Vaults:5 | Found Ralossot's Antique Weapon Shoppe.
 58246 | Vaults:5 | Found Farot's Antique Armour Shop.
 58533 | Vaults:5 | Noticed a golden dragon
 58537 | Vaults:5 | Noticed an ancient lich
 58539 | Vaults:5 | Killed a golden dragon
 58542 | Vaults:5 | Killed an ancient lich
 58665 | Vaults:5 | Identified the ring "Orreovua" {Wiz rF++}
 58726 | Vaults:5 | Identified the +0 plate armour "Tenait" {Slay+2}
 59344 | Vaults:5 | Found Gyprop's Magic Scroll Shop.
 59356 | Vaults:5 | Got a silver rune of Zot
 59450 | Vaults:3 | Noticed Jory
 59455 | Vaults:3 | Killed Jory
 59554 | Vaults:1 | Identified the +7 hand crossbow "Uriumuot" {venom, rElec
                  | Str+6}
 59799 | Slime:1  | Entered Level 1 of the Pits of Slime
 60081 | Slime:5  | Entered Level 5 of the Pits of Slime
 60095 | Slime:5  | Noticed the Royal Jelly
 60099 | Slime:5  | Reached XP level 24. HP: 168/168 MP: 35/39
 60101 | Slime:5  | Killed the Royal Jelly
 60143 | Slime:5  | Identified the +3 long sword of the Apocalypse {pain, rElec
                  | rF+++ Int-3}
 60199 | Slime:5  | Got a slimy rune of Zot
 60484 | Depths:1 | Entered Level 1 of the Depths
 60592 | Depths:1 | Found a gateway to Hell.
 60943 | Depths:1 | Found Edocody's Distillery.
 60950 | Depths:1 | Bought a potion of heal wounds for 60 gold pieces
 60950 | Depths:1 | Bought a potion of heal wounds for 60 gold pieces
 60950 | Depths:1 | Bought a potion of haste for 120 gold pieces
 60950 | Depths:1 | Found Hassunol's Assorted Antiques.
 61082 | Depths:1 | Bought a potion of brilliance for 176 gold pieces
 61082 | Depths:1 | Bought a scroll of teleportation for 132 gold pieces
 61082 | Depths:1 | Bought a clouded marble ring for 220 gold pieces
 61082 | Depths:1 | Identified the ring "Wolo" {EV+4 Dex+7} (You bought it in a
                  | shop on level 1 of the Depths)
 61128 | Depths:1 | Found Wocw's Distillery.
 61135 | Depths:1 | Bought a potion of heal wounds for 100 gold pieces
 61135 | Depths:1 | Bought a potion of magic for 160 gold pieces
 61135 | Depths:1 | Bought a potion of haste for 200 gold pieces
 61135 | Depths:1 | Bought a potion of cancellation for 160 gold pieces
 61210 | Depths:1 | Found an ancient bone altar of Kikubaaqudgha.
 61546 | Depths:2 | Found a one-way gate leading to the halls of Pandemonium.
 61858 | Depths:2 | Noticed a dread lich
 61861 | Depths:2 | Killed a dread lich
 61863 | Depths:2 | Found a gateway to a ziggurat.
 61873 | Zig:1    | Entered Level 1 of a ziggurat
 61891 | Zig:2    | Entered Level 2 of a ziggurat
 61908 | Zig:3    | Entered Level 3 of a ziggurat
 61973 | Zig:4    | Entered Level 4 of a ziggurat
 62049 | Zig:5    | Entered Level 5 of a ziggurat
 62197 | Zig:6    | Entered Level 6 of a ziggurat
 62247 | Zig:7    | Entered Level 7 of a ziggurat
 62286 | Zig:8    | Entered Level 8 of a ziggurat
 62305 | Zig:8    | Identified the amulet "Woumoric" {Regen+ Str+4}
 62332 | Zig:9    | Entered Level 9 of a ziggurat
 62340 | Zig:9    | Noticed an ancient lich
 62340 | Zig:9    | Noticed a dread lich
 62346 | Zig:9    | Killed an ancient lich
 62347 | Zig:9    | Reached XP level 25. HP: 169/173 MP: 40/40
 62356 | Zig:9    | Killed a dread lich
 62364 | Zig:9    | Reached XP level 26. HP: 114/180 MP: 40/41
 62368 | Zig:9    | Identified the ring "Xoiticun" {rC+ AC+4}
 62378 | Zig:9    | Identified the +1 pair of gloves of Hysteria {rPois rC+
                  | Will-}
 62530 | Zig:10   | Entered Level 10 of a ziggurat
 62537 | Zig:10   | Noticed a Killer Klown
 62538 | Zig:10   | Noticed a Killer Klown
 62538 | Zig:10   | Noticed Naekkei the pandemonium lord
 62538 | Zig:10   | Noticed a Killer Klown
 62539 | Zig:10   | Killed a Killer Klown
 62544 | Zig:10   | Killed a Killer Klown
 62546 | Zig:10   | Killed Naekkei the pandemonium lord
 62547 | Zig:10   | Killed a Killer Klown
 62555 | Zig:10   | Acquired 383 gold pieces
 62556 | Zig:10   | Acquired Great Wizards, Vol. VII
 62683 | Zig:10   | Reached XP level 27. HP: 185/185 MP: 41/41
 62684 | Zig:10   | Identified the +4 shortbow of Inquiry {flame, rF+ Dex+5}
 62690 | Zig:11   | Entered Level 11 of a ziggurat
 62699 | Zig:11   | Noticed a juggernaut
 62707 | Zig:11   | Killed a juggernaut
 62717 | Zig:11   | Identified the ring "Abraije" {Ice rElec rN++}
 62720 | Zig:11   | Got Yngyiw's Papyrus of Ensnaring Fire
 62723 | Zig:11   | Identified the +7 flail "Ronuh" {freeze, rF+ rN+}
 62724 | Zig:11   | Identified the +3 demon trident of Maicwin {drain, rC-
                  | Will+ Dex+5}
 62840 | Zig:11   | Identified the +11 dagger "Zaiq Kan" {flame, rF+ Int+4}
 62848 | Zig:12   | Entered Level 12 of a ziggurat
 62854 | Zig:12   | Noticed Dujimn the pandemonium lord
 62855 | Zig:12   | Noticed Poemuid the pandemonium lord
 62857 | Zig:12   | Noticed Xyunostreng the pandemonium lord
 62857 | Zig:12   | Noticed Yggimpump the pandemonium lord
 62858 | Zig:12   | Killed Poemuid the pandemonium lord
 62859 | Zig:12   | Killed Dujimn the pandemonium lord
 62859 | Zig:12   | Noticed Palerir the pandemonium lord
 62864 | Zig:12   | Killed Yggimpump the pandemonium lord
 62865 | Zig:12   | Killed Palerir the pandemonium lord
 62871 | Zig:12   | Killed Xyunostreng the pandemonium lord
 62886 | Zig:12   | Got the Tome of Stones and Confrontation
 62888 | Zig:12   | Identified the +1 ring mail of Ygoch {rC+ Str-4 SInv
                  | Stlth+}
 63373 | Depths:3 | Found a one-way gate to the infinite horrors of the Abyss.
 63400 | Depths:3 | Voluntarily entered the Abyss.
 63453 | Abyss:1  | Found a corrupted altar of Lugonu.
 63479 | Abyss:1  | Found a corrupted altar of Lugonu.
 63659 | Abyss:2  | Found a corrupted altar of Lugonu.
 64631 | Abyss:4  | Noticed a dread lich
 64636 | Abyss:4  | Killed a dread lich
 64983 | Abyss:5  | Entered Level 5 of the Abyss
 64983 | Abyss:5  | Found a corrupted altar of Lugonu.
 65162 | Abyss:5  | Found a corrupted altar of Lugonu.
 65199 | Abyss:5  | Noticed an ancient lich
 65201 | Abyss:5  | Reached skill level 15 in Spellcasting
 65212 | Abyss:5  | Killed an ancient lich
 65214 | Depths:3 | Escaped the Abyss
 66019 | Depths:3 | You are sucked into a shaft and drop 1 floor!
 66019 | Depths:4 | Entered Level 4 of the Depths
 66341 | Depths:4 | Noticed Sojobo
 66344 | Depths:4 | Killed Sojobo
 67203 | Depths:4 | Found a gate to the Realm of Zot.
 67358 | Depths:3 | Voluntarily entered the Abyss.
 67394 | Depths:3 | Escaped the Abyss
 67844 | Depths:3 | Voluntarily entered the Abyss.
 67953 | Abyss:1  | Gained mutation: You possess an exceptional clarity of
                  | mind. [a cacodemon]
 68079 | Abyss:1  | Noticed a dread lich
 68084 | Abyss:1  | Killed a dread lich
 68205 | Abyss:1  | Identified the +5 arbalest "Jaynir" {elec, *Corrode Will+
                  | Str+6 Stlth+}
 68389 | Abyss:3  | Got an abyssal rune of Zot
 68485 | Depths:3 | Escaped the Abyss
 68524 | Depths:3 | Noticed Ivviemy's ghost (adept HaHu)
 68525 | Depths:3 | Found a transporter.
 68555 | Depths:3 | Found a transporter.
 68567 | Depths:3 | Killed Ivviemy's ghost
 68851 | Pan      | Entered Pandemonium
 69600 | Pan      | Noticed Meelif the pandemonium lord
 69607 | Pan      | Reached skill level 15 in Unarmed Combat
 69609 | Pan      | Reached skill level 15 in Fighting
 69609 | Pan      | Killed Meelif the pandemonium lord
 69878 | Pan      | Found a huge runed translucent gate.
 69884 | Pan      | Found a huge runed translucent gate.
 69887 | Pan      | Found a huge runed translucent gate.
 69888 | Pan      | Found a huge runed translucent gate.
 69888 | Pan      | Found a huge runed translucent gate.
 69889 | Pan      | Found a huge runed translucent gate.
 69890 | Pan      | Found a huge runed translucent gate.
 69893 | Pan      | Noticed Sokhu the pandemonium lord
 69920 | Pan      | Killed Sokhu the pandemonium lord
 70228 | Pan      | Entered the realm of Lom Lobon.
 71083 | Pan      | Noticed Lom Lobon
 71092 | Pan      | Killed Lom Lobon
 71120 | Pan      | Got a magical rune of Zot
 71459 | Pan      | Noticed Lucujir the pandemonium lord
 71461 | Pan      | Killed Lucujir the pandemonium lord
 71511 | Pan      | Found an exit through the horrors of the Abyss.
 71666 | Pan      | Noticed Maesiag the pandemonium lord
 71671 | Pan      | Killed Maesiag the pandemonium lord
 71745 | Pan      | Entered the realm of Cerebov.
 71822 | Pan      | Found the +6 sword of Cerebov {flame}
 71822 | Pan      | Noticed Cerebov
 71832 | Pan      | Killed Cerebov
 71833 | Pan      | Reached skill level 10 in Dodging
 71984 | Pan      | Identified the +4 dire flail of the Skies Above {freeze,
                  | Str+8}
 72028 | Pan      | Got a fiery rune of Zot
 72393 | Pan      | Entered the realm of Mnoleg.
 72592 | Pan      | Noticed Mnoleg
 72597 | Pan      | Gained mutation: You are clumsy. (Dex -2) [a cacodemon]
 72604 | Pan      | Killed Mnoleg
 72604 | Pan      | Gained mutation: Your magical capacity is low. (-10% MP) [a
                  | cacodemon]
 72758 | Pan      | Identified the ring "Fucuiss" {Fly rF+++ Int-2 Dex+6
                  | Stlth-}
 72766 | Pan      | Got a glowing rune of Zot
 72862 | Pan      | Noticed Wucintudgh the pandemonium lord
 73207 | Pan      | Killed Wucintudgh the pandemonium lord
 73461 | Pan      | Noticed a seraph
 73470 | Pan      | Killed a seraph
 73475 | Pan      | Found a glowing golden altar of the Shining One.
 73484 | Pan      | Identified the amulet of Pap Wis {rElec Will+ Regen+}
 73487 | Pan      | Got a demonic rune of Zot
 73491 | Pan      | Got the Incunabulum of the Tarantula
 73492 | Pan      | Identified the +8 mace of the Shallot {drain, rN+}
 73692 | Pan      | Found a glowing silver altar of Zin.
 73693 | Pan      | Identified the +8 tower shield of the Orb Guardian {Dex+2
                  | Slay-3 SInv}
 74341 | Pan      | Found a white marble altar of Elyvilon.
 74476 | Pan      | Identified the +4 tower shield of Magic {rN+ Dex+3}
 74670 | Pan      | Entered the realm of Gloorx Vloq.
 75042 | Pan      | Noticed Gloorx Vloq
 75050 | Pan      | Killed Gloorx Vloq
 75074 | Pan      | Got a dark rune of Zot
 75522 | Pan      | Found an exit through the horrors of the Abyss.
 75534 | Pan      | Took an exit into the Abyss.
 75534 | Abyss:1  | Escaped into the Abyss
 75600 | Depths:2 | Escaped the Abyss
 75694 | Hell     | Entered the Vestibule of Hell
 75700 | Hell     | Noticed Geryon
 75704 | Hell     | Killed Geryon
 75913 | Hell     | Found a gateway to the decaying netherworld of Tartarus.
 76269 | Hell     | Found a gateway to the freezing wastes of Cocytus.
 76497 | Hell     | Found a gateway to the Iron City of Dis.
 76700 | Hell     | Found a gateway to the ashen valley of Gehenna.
 76726 | Hell     | Learned a level 9 spell: Shatter
 76884 | Geh:1    | Entered Level 1 of Gehenna
 76889 | Geh:1    | Reached skill level 10 in Earth Magic
 77281 | Geh:3    | You are sucked into a shaft and drop 3 floors!
 77427 | Geh:7    | Entered Level 7 of Gehenna
 78018 | Geh:7    | Found the +7 sceptre of Asmodeus
 78018 | Geh:7    | Noticed Asmodeus
 78026 | Geh:7    | HP: 8/180 [Asmodeus/damnation (32)]
 78310 | Geh:7    | Learned a level 1 spell: Apportation
 78329 | Geh:7    | Got an obsidian rune of Zot
 78592 | Zot:1    | Entered Level 1 of the Realm of Zot
 78989 | Zot:1    | Reached skill level 15 in Earth Magic
 79678 | Tar:1    | Entered Level 1 of Tartarus
 79738 | Tar:2    | Noticed an ancient lich
 79738 | Tar:2    | Noticed a dread lich
 79738 | Tar:2    | Noticed an ancient lich
 79738 | Tar:2    | Noticed a dread lich
 79740 | Tar:2    | Killed a dread lich
 79740 | Tar:2    | Killed a dread lich
 79740 | Tar:2    | Killed an ancient lich
 79740 | Tar:2    | Noticed a dread lich
 79741 | Tar:2    | Killed an ancient lich
 79741 | Tar:2    | Noticed an ancient lich
 79743 | Tar:2    | Killed a dread lich
 79744 | Tar:2    | Noticed a dread lich
 79745 | Tar:2    | Noticed an ancient lich
 79746 | Tar:2    | Killed a dread lich
 79746 | Tar:2    | Killed an ancient lich
 79756 | Tar:2    | Killed an ancient lich
 79784 | Tar:3    | Noticed an ancient lich
 79786 | Tar:3    | Killed an ancient lich
 80446 | Tar:7    | Entered Level 7 of Tartarus
 81260 | Tar:7    | Identified the +2 whip of Judgement {flame, rPois rCorr
                  | Str-5 Dex+8}
 81262 | Tar:7    | Got the Disquisition on Destructive Companions
 81329 | Tar:7    | Got a bone rune of Zot
 82772 | Dis:1    | Entered Level 1 of the Iron City of Dis
 83435 | Dis:4    | Noticed an ancient lich
 83435 | Dis:4    | Noticed a dread lich
 83435 | Dis:4    | Noticed an ancient lich
 83439 | Dis:4    | Killed a dread lich
 83439 | Dis:4    | Killed an ancient lich
 83439 | Dis:4    | Killed an ancient lich
 83836 | Dis:7    | Entered Level 7 of the Iron City of Dis
 83875 | Dis:7    | Reached skill level 27 in Transmutations
 84966 | Dis:7    | Noticed a juggernaut
 84970 | Dis:7    | Killed a juggernaut
 85192 | Dis:7    | Noticed a juggernaut
 85195 | Dis:7    | Killed a juggernaut
 85489 | Dis:7    | Got the Guide on the Shifting Snowflakes
 85567 | Dis:7    | Got an iron rune of Zot
 86596 | Coc:1    | Entered Level 1 of Cocytus
 87143 | Coc:5    | Paralysed by a wendigo for 1 turns
 87164 | Coc:5    | Noticed an ancient lich
 87165 | Coc:5    | Killed an ancient lich
 88620 | Coc:6    | Noticed a dread lich
 88796 | Coc:6    | Killed a dread lich
 88826 | Coc:7    | Entered Level 7 of Cocytus
 89071 | Coc:7    | Paralysed by a wendigo for 1 turns
 90226 | Coc:7    | Noticed Antaeus
 90456 | Coc:7    | Killed Antaeus
 90466 | Coc:7    | Got an icy rune of Zot
 90910 | Crypt:1  | Entered Level 1 of the Crypt
 90920 | Crypt:1  | Noticed Bai Suzhen
 90928 | Crypt:1  | Killed Bai Suzhen
 91135 | Crypt:1  | Noticed Xtahua
 91137 | Crypt:1  | Killed Xtahua
 91345 | Crypt:2  | Acquired 532 gold pieces
 91359 | Crypt:3  | Entered Level 3 of the Crypt
 91402 | Crypt:3  | Noticed Mennas
 91411 | Crypt:3  | Killed Mennas
 93087 | Crypt:3  | Found an ancient bone altar of Kikubaaqudgha.
 93087 | Crypt:3  | Noticed an ancient lich
 93092 | Crypt:3  | Killed an ancient lich
 93687 | Crypt:3  | Found a staircase to the Tomb.
 93711 | Tomb:1   | Entered Level 1 of the Tomb of the Ancients
 93719 | Tomb:1   | Noticed a royal mummy
 93723 | Tomb:1   | Killed a royal mummy
 93851 | Tomb:1   | Noticed a royal mummy
 93855 | Tomb:1   | Killed a royal mummy
 94060 | Tomb:1   | Noticed a royal mummy
 94067 | Tomb:1   | Killed a royal mummy
 94073 | Tomb:1   | Noticed a royal mummy
 94075 | Tomb:1   | Noticed a royal mummy
 94084 | Tomb:1   | Killed a royal mummy
 94088 | Tomb:1   | Noticed a royal mummy
 94089 | Tomb:1   | Killed a royal mummy
 94090 | Tomb:1   | Reached skill level 27 in Air Magic
 94093 | Tomb:1   | Noticed a royal mummy
 94094 | Tomb:1   | Killed a royal mummy
 94099 | Tomb:1   | Killed a royal mummy
 94099 | Tomb:1   | Noticed a royal mummy
 94103 | Tomb:1   | Killed a royal mummy
 94290 | Tomb:1   | Noticed a royal mummy
 94295 | Tomb:1   | Killed a royal mummy
 94295 | Tomb:1   | Noticed a royal mummy
 94297 | Tomb:1   | Killed a royal mummy
 94311 | Tomb:1   | Noticed a royal mummy
 94586 | Tomb:1   | Killed a royal mummy
 94591 | Tomb:1   | Noticed a royal mummy
 94593 | Tomb:1   | Noticed a royal mummy
 94595 | Tomb:1   | Killed a royal mummy
 94595 | Tomb:1   | Killed a royal mummy
 94692 | Tomb:1   | Noticed a royal mummy
 94695 | Tomb:1   | Killed a royal mummy
 95311 | Tomb:1   | Noticed a royal mummy
 95314 | Tomb:1   | Killed a royal mummy
 96041 | Tomb:1   | Noticed a royal mummy
 96044 | Tomb:1   | Killed a royal mummy
 96508 | Tomb:1   | Noticed a royal mummy
 96511 | Tomb:1   | Killed a royal mummy
 97750 | Tomb:1   | Learned a level 8 spell: Necromutation
 97756 | Tomb:2   | Noticed a royal mummy
 97757 | Tomb:2   | Noticed a royal mummy
 97757 | Tomb:2   | Noticed a royal mummy
 97757 | Tomb:2   | Noticed a royal mummy
 97759 | Tomb:2   | Killed a royal mummy
 97760 | Tomb:2   | Killed a royal mummy
 97762 | Tomb:2   | Slain by a bennu

Illustrated notes

Levels and vault maps discovered:
D:1:      dpeg_arrival_rooms_with_view, layout_basic,
          shapermc_ecumenical_altar_petra, minmay_pentomino_o4
D:2:      wander_river, layout_basic, chequers_serial_rivers_micro_d,
          grunt_ministairs_3, kennysheep_flooded_box, uniq_sigmund
D:3:      layout_basic
D:4:      layout_basic, nicolae_concentric_dashed_squares_wild, uniq_edmund,
          uniq_blork_the_orc, uniq_pikel
D:5:      layout_rooms, serial_shops, shop, uniq_grinder
D:6:      layout_loops_ring, minmay_temple_entry_junction, serial_shops,
          nicolae_shop_behind_doors, uniq_crazy_yiuf_cottage
D:7:      layout_basic, kennysheep_nub
D:8:      minmay_blocky_corners, layout_basic, serial_nicolae_subway,
          nicolae_sub_station_crystal, nicolae_sub_station_stone,
          nicolae_sub_station_metal
D:9:      layout_roguey, mainiacjoe_overflow_alcove_4, minivault_21,
          st_stairs_4, uniq_psyche
D:10:     layout_cave_pools, serial_shops, nicolae_shop_waterfront,
          skrybe_limestone_x, serial_bayou_pond_d
D:11:     layout_basic, lair_entry_dummy, erik_orc_2
D:12:     layout_loops_ring, serial_rivers, chequers_serial_rivers_micro_c,
          chequers_serial_rivers_micro_a, chequers_serial_rivers_room_a,
          chequers_serial_rivers_micro_d, ebering_ghost_disaster_area,
          hangedman_incinerator
D:13:     layout_cross, portal_ice_cave_entry_ice_simulacra
D:14:     layout_cave_pods, david_vaults_2, chequers_serial_rivers_room_b,
          minmay_shop_chei
D:15:     gammafunk_enter_depths_forms, layout_cave_pools, abandoned_shop,
          eat_drink_and_be_merry_uskayaw, uniq_josephine
Temple:   mainiacjoe_temple_circle_huts
Lair:1:   layout_loops_ring, infiniplex_staircase_pool, grunt_megastairs_1
Lair:2:   layout_chaotic_city, minmay_lindwurm_lava
Lair:3:   layout_roguey, special_room [special_room_bee], minmay_holes,
          serial_bayou_shore_a
Lair:4:   layout_regular_city, minmay_shoals_entry_hut,
          guppyfry_snake_entry_island, small_statue_intersection
Lair:5:   layout_roguey, slime_altar_1, uniq_kirke
Lair:6:   due_jungle_book, layout_regular_city, nzn_sisyphean_effort,
          grunt_megastairs_5
Shoals:1: layout_shoals, nicolae_shop_gadgets
Shoals:2: layout_shoals, nicolae_shop_firing_range
Shoals:3: layout_shoals, serial_shops, shop, uniq_aizul
Shoals:4: shoals_end_simple, layout_shoals, nicolae_shoals_lost_giant_temple
Snake:1:  layout_onion_interference, lemuel_fruit_tree, serial_bayou_shore_b
Snake:2:  layout_rooms, grunt_ministairs_13
Snake:3:  layout_chambers, grunt_megastairs_2
Snake:4:  snake_pit_salamanders_mu, layout_rooms, special_room, basic_altar,
          uniq_saint_roka
Slime:1:  layout_caves
Slime:2:  layout_caves, uniq_dissolution
Slime:3:  layout_caves, cheibrodos_slime_lost_civilization_7
Slime:4:  layout_caves
Slime:5
Orc:1:    layout_caves, serial_shops, shop, elves_outpost_lemuel
Orc:2:    st_orc_congregation, layout_diamond_mine, serial_shops,
          nicolae_shop_bloodbath_and_beyond
Elf:1:    layout_onion_city, serial_shops, shop, uniq_agnes
Elf:2:    elven_hall_of_blades_hangedman_alternative
          [infiniplex_blade_entry_pillars], layout_onion_city
Elf:3:    minmay_elf_hall_x, layout_rooms, serial_shops, nicolae_diamond_shop,
          minmay_shop_star
Vaults:1: grunt_vaults_hallway_short, gammafunk_the_bubble
          [the_bubble_gammafunk_plus_minus], ontoclasm_vaults_ring_square,
          nicolae_vaults_network_star, ontoclasm_vaults_tryst,
          nicolae_vaults_little_squares_4, hangedman_vaults_hat,
          nicolae_vaults_windows_and_doors_thing, hangedman_vaults_cutoff,
          nicolae_vaults_three_branches, layout_vaults_maze, serial_shops,
          nicolae_shop_stone
Vaults:2: hangedman_vaults_corner, grunt_vaults_diagonal, grunt_vaults_twisty,
          nicolae_vaults_gold_heap, minmay_crypt_entry_nasty_monster,
          vaults_room_pools, dpeg_vaults_monster_row, hangedman_vaults_trim,
          vaults_dpeg_cross, layout_vaults_quadrants
Vaults:3: v_pattern_5, vaults_dpeg_diagonal, vaults_mumra_hexcomb,
          ontoclasm_vaults_loading_screen, nicolae_vaults_puzzle_piece,
          nicolae_vaults_mini_display_case, nicolae_vaults_alarming,
          layout_vaults_chaotic_city, uniq_jory, uniq_asterion
Vaults:4: nicolae_vaults_back_hallway, nicolae_vaults_stairing_the_circle,
          nicolae_vaults_network_barrier, vaults_dpeg_spiral,
          nicolae_vaults_big_angled_halls, hangedman_vaults_cutoff,
          ontoclasm_vaults_decontamination, nicolae_vaults_twisting_passages,
          vaults_mumra_hex, vaults_room_grunt_arrival_ludios,
          nicolae_vaults_asterisk, vaults_room_semicircle,
          layout_vaults_omnicross
Vaults:5
Crypt:1:  nicolae_crypt_knochenhaus, layout_misc_corridors, minicrypt_bobbens,
          uniq_margery, uniq_bai_suzhen, uniq_xtahua
Crypt:2:  layout_gridlike
Crypt:3:  cryptofortress_bobbens, uniq_mennas
Tomb:1
Tomb:2
Depths:1: layout_roguey, hangedman_abyss_or_decor_clamps, hell_entry,
          serial_shops, nicolae_shop_crystal, grunt_decor_junction,
          nicolae_kikubaaqudgha_miasma_corner, grunt_megastairs_3,
          minmay_shoptagon
Depths:2: minmay_angry_zag, layout_cave_pools, enter_ziggurat_c,
          grunt_hell_entry_dis_old, abandoned_shop, pan_entry,
          hangedman_eye_storm
Depths:3: vault_1, layout_twisted_cross, gammafunk_ghost_arena, hell_entry,
          minmay_room_of_horrors, amcnicky_mini_pool_small, st_stairs_10,
          kennysheep_minor_cross
Depths:4: grunt_zot_entry_gee_three, layout_long_grid, hell_entry, uniq_sojobo
Hell
Dis:1:    layout_gridville, nicolae_dis_emergency_hatch
Dis:2:    layout_gridville
Dis:3:    layout_overlapping_boxes, nicolae_dis_step_into_the_octagon
Dis:4:    layout_gridville, nicolae_dis_liches_on_tour
Dis:5:    layout_overlapping_boxes, evilmike_ambush
          [evilmike_ambush_outer_doors, evilmike_ambush_inner_basic]
Dis:6:    layout_regular_city
Dis:7:    dis_hangedman
Geh:1:    layout_gehenna_pools_triple
Geh:2:    layout_gehenna_pools_box
Geh:3:    layout_gehenna_pools_triple, nicolae_geh_fiery_graves
          [nicolae_geh_single_fiery_grave, nicolae_geh_single_fiery_grave,
          nicolae_geh_single_fiery_grave, nicolae_geh_single_fiery_grave,
          nicolae_geh_single_fiery_grave, nicolae_geh_single_fiery_grave,
          nicolae_geh_single_fiery_grave, nicolae_geh_single_fiery_grave,
          nicolae_geh_single_fiery_grave], lemuel_flamethrower_3
Geh:6:    layout_gehenna_lava_caves, special_room [special_room_morgue]
Geh:7:    geh_grunt_pentagon
Coc:1:    layout_ice_bergs, nicolae_hells_seeping_fissure
Coc:2:    layout_cocytus_water_paths
Coc:3:    layout_ice_bergs, serial_ice, serial_ice_c, serial_ice_g
Coc:4:    layout_ice_bergs
Coc:5:    nicolae_coc_icebeans_plural [nicolae_sub_coc_subbean,
          nicolae_sub_coc_subbean, nicolae_sub_coc_subbean,
          nicolae_sub_coc_subbean], layout_cocytus_water_paths
Coc:6:    layout_cocytus_water_paths
Coc:7:    coc_dpeg
Tar:1:    layout_grid_maze
Tar:2:    layout_honeycomb, nicolae_hells_leichenhalle
Tar:3:    layout_cathedral_of_symmetry
Tar:4:    layout_cathedral_of_symmetry
Tar:5:    layout_honeycomb, nicolae_tar_cuneiform_bird
Tar:6:    layout_catacombs, nicolae_tar_cuneiform_to_be
Tar:7:    tar_minmay_river
Zot:1:    layout_gridlike
Zot:2:    lemuel_draconian_sentries_small, layout_onion_interference

Skill      XL: |  1  2  3  4  5  6  7  8  9 10 11 12 13 14 15 16 17 18 19 20 21 22 23 24 25 26 27 |
---------------+----------------------------------------------------------------------------------+-----
Stealth        | 3 4 5 6 |  6.6
Conjurations   | 1 2 3 4 6 7 8 |  8.7
Spellcasting   | 3 4 6 8 10 11 12 13 14 22 | 22.6
Earth Magic    | 4 5 7 18 | 18.3
Fighting       | 1 2 3 5 7 8 10 11 12 13 14 20 | 20.0
Dodging        | 4 5 6 7 10 | 10.1
Ice Magic      | 6 11 14 | 14.6
Translocations | 4 8 10 11 12 13 14 15 17 19 | 19.0
Air Magic      | 5 9 12 13 15 16 17 18 19 20 27 | 27.0
Transmutations | 5 9 12 14 15 16 17 18 19 20 27 | 27.0
Unarmed Combat | 1 6 8 9 11 25 | 25.7
Shields        | |  0.1

Action                   |  1- 3 |  4- 6 |  7- 9 | 10-12 | 13-15 | 16-18 | 19-21 | 22-24 | 25-27 || total
-------------------------+-------+-------+-------+-------+-------+-------+-------+-------+-------++-------
Melee: Unarmed           |    21 |       |       |       |       |   450 |   800 |   854 |  3853 ||  5978
       Constrict         |     7 |     4 |    14 |    11 |    29 |     8 |       |     2 |     2 ||    77
       Tentacles         |     3 |       |     8 |    11 |    33 |    14 |     1 |     1 |     9 ||    80
       Staff             |       |    15 |    49 |    40 |   132 |    47 |     5 |     5 |    21 ||   314
       Punch             |       |       |       |       |       |     2 |    17 |    26 |   239 ||   284
 Cast: Sandblast         |    32 |    45 |     6 |    89 |    56 |       |       |       |       ||   228
       Stone Arrow       |       |     7 |   102 |   206 |    41 |       |       |       |       ||   356
       Passwall          |       |       |       |     2 |       |       |       |       |       ||     2
       Frozen Ramparts   |       |       |       |    26 |     3 |       |       |       |       ||    29
       Ozocubu's Armour  |       |       |       |     6 |     5 |       |       |       |       ||    11
       Ozocubu's Refrige |       |       |       |       |   241 |   181 |       |       |       ||   422
       Manifold Assault  |       |       |       |       |       |   156 |   240 |   265 |  1160 ||  1821
       Storm Form        |       |       |       |       |       |    41 |    55 |    45 |   212 ||   353
       Shatter           |       |       |       |       |       |       |       |       |    30 ||    30
       Apportation       |       |       |       |       |       |       |       |       |     3 ||     3
       Necromutation     |       |       |       |       |       |       |       |       |     1 ||     1
 Abil: End Transformatio |       |       |       |       |       |     6 |     3 |     8 |    31 ||    48
       Blinkbolt         |       |       |       |       |       |    19 |     9 |     6 |    39 ||    73
Evoke: Phantom mirror    |       |       |       |       |     2 |       |       |       |       ||     2
       Wand              |       |       |       |       |       |       |       |     1 |     3 ||     4
  Use: Scroll            |       |     8 |     3 |     7 |    16 |     9 |     2 |       |    29 ||    74
       Potion            |       |       |       |     5 |       |       |       |     1 |    50 ||    56
 Stab: Sleeping          |     3 |     1 |     1 |     1 |     3 |     1 |       |     1 |     6 ||    17
       Distracted        |       |       |       |       |     1 |     1 |     1 |     2 |    18 ||    23
Armor: Skin              |     1 |       |     9 |    24 |    48 |    73 |   103 |    58 |   412 ||   728
Dodge: Dodged            |    12 |    15 |    35 |   109 |   239 |   385 |   328 |   281 |  1828 ||  3232
       Repelled          |       |       |       |       |       |     4 |     6 |    14 |    56 ||    80

Table legend: (Time is in decaauts)
 A = Elapsed time spent in this place.
 B = Non-inter-level travel time spent in this place.
 C = Inter-level travel time spent in this place.
 D = Time resting spent in this place.
 E = Time spent auto-exploring this place.
 F = Levels seen in this place.
 G = Mean time per level.
                   A        B        C        D        E       F      G
               +--------+--------+--------+--------+--------+-----+--------+
         Total |  96773 |  89746 |   7027 |  16612 |  56575 | 119 |  813.2 |
       Dungeon |  22112 |  19565 |   2547 |   1961 |  15047 |  15 | 1474.1 |
        Temple |    133 |    109 |     24 |      0 |     88 |   1 |  133.0 |
          Lair |   9883 |   9069 |    814 |   1524 |   6380 |   6 | 1647.2 |
        Shoals |   5967 |   5749 |    218 |    561 |   4437 |   4 | 1491.8 |
     Snake Pit |   6143 |   5966 |    177 |    120 |   5185 |   4 | 1535.8 |
    Slime Pits |    454 |    412 |     42 |    148 |     28 |   5 |   90.8 |
  Orcish Mines |   2839 |   2544 |    295 |     33 |   2010 |   2 | 1419.5 |
   Elven Halls |   4781 |   4586 |    195 |    120 |   3827 |   3 | 1593.7 |
        Vaults |   8255 |   7684 |    571 |    330 |   5947 |   5 | 1651.0 |
         Crypt |   2607 |   2438 |    169 |   1083 |    998 |   3 |  869.0 |
          Tomb |   3108 |   3108 |      0 |    714 |   1973 |   2 | 1554.0 |
        Depths |   5815 |   4759 |   1056 |    724 |   3441 |   4 | 1453.8 |
          Hell |   3374 |   3141 |    233 |   2135 |    719 |   1 | 3374.0 |
           Dis |   1943 |   1789 |    154 |   1011 |     18 |   7 |  277.6 |
       Gehenna |   1511 |   1511 |      0 |    839 |     10 |   5 |  302.2 |
       Cocytus |   2908 |   2650 |    258 |   1777 |     18 |   7 |  415.4 |
      Tartarus |   2006 |   2006 |      0 |   1212 |      0 |   7 |  286.6 |
           Zot |   2094 |   1826 |    268 |     19 |   1482 |   2 | 1047.0 |
         Abyss |   2478 |   2478 |      0 |     86 |   1377 |  10 |  247.8 |
   Pandemonium |   6470 |   6470 |      0 |   1892 |   2545 |  13 |  497.7 |
      Ziggurat |   1003 |   1003 |      0 |    321 |    317 |  12 |   83.6 |
      Ice Cave |    879 |    879 |      0 |      0 |    727 |   1 |  879.0 |
               +--------+--------+--------+--------+--------+-----+--------+

Top non-repeatable levels by time:
    Hell: 3374 daAuts
  Tomb:1: 3097 daAuts
    D:11: 2940 daAuts
Vaults:1: 2414 daAuts
 Snake:4: 2360 daAuts
  Lair:2: 2247 daAuts
     D:4: 2204 daAuts
Shoals:3: 2149 daAuts
 Snake:3: 2100 daAuts
Vaults:5: 2063 daAuts
  Lair:1: 2010 daAuts
 Crypt:3: 2005 daAuts
   Orc:2: 2004 daAuts
  Lair:4: 1936 daAuts
     D:7: 1929 daAuts
